 Dungeon Crawl Stone Soup version 0.28-a0-43-g560ac104fe (webtiles) character file.

Game seed: 4517091765618519235

86039 arson the Brawler (level 15, 0/167 HPs)
             Began as a Troll Berserker on July 28, 2021.
             Was a High Priest of Trog.
             Killed from afar by an acid dragon (8 damage)
             ... with a splash of acid
             ... on level 12 of the Dungeon.
             The game lasted 01:12:19 (21816 turns).

arson the Brawler (Troll Berserker)                Turns: 21816, Time: 01:12:21

Health: 0/167      AC:  5    Str: 36    XL:     15   Next: 39%
Magic:  14/14      EV: 13    Int:  3    God:    Trog [*****.]
Gold:   770        SH:  0    Dex: 14    Spells: 14/14 levels left

rFire   . . .      SeeInvis +     - Unarmed
rCold   + . .      Faith    .   (no shield)
rNeg    . . .      Spirit   .   J - +0 troll leather armour
rPois   +          Reflect  .   (helmet restricted)
rElec   +          Harm     .   k - +2 cloak {rPois}
rCorr   .          Rampage  .   (gloves unavailable)
Will    +++..                   (boots unavailable)
Stlth   +.........              y - amulet of Fragile Peace {RegenMP *Slow rElec Str+7 Slay+6}
HPRegen 3.37/turn               e - ring of see invisible
MPRegen 0.39/turn               t - ring of protection from cold

@: strong-willed, corroded, on berserk cooldown, regenerating, slowed, very slow
A: large, unfitting armour, claws 3, regeneration 1, shaggy fur 1, tough skin 1
a: Renounce Religion, Berserk, Trog's Hand, Brothers in Arms


You were on level 12 of the Dungeon.
You worshipped Trog.
Trog was extremely pleased with you.
You visited 3 branches of the dungeon, and saw 21 of its levels.
You also visited: Ossuary, Bailey and Gauntlet.

You collected 2130 gold pieces.
You spent 1360 gold pieces at shops.

Inventory:

Hand Weapons
 a - a +5 hand crossbow
 G - the +9 hunting sling of Neun {venom, rC+ Str+5}
   (You found it on level 7 of the Dungeon)

   Any ammunition fired from it poisons the flesh of those it strikes.
   Str:       It affects your strength (+5).
   rC:        It protects you from cold.
 L - the +7 trident "Zaskez" {vorpal, rC+}
   (You found it in a bailey)

   It inflicts extra damage upon your enemies.
   rC:        It protects you from cold.
 X - the +5 quarterstaff "Orb Guardian's Death" {venom, rPois Will- rCorr}
   (You found it in a Gauntlet)

   It poisons the flesh of those it strikes.
   rPois:     It protects you from poison.
   rCorr:     It protects you from acid and corrosion.
   Will:      It decreases your willpower.
Missiles
 b - 6 throwing nets (quivered)
Armour
 k - a +2 cloak of poison resistance (worn)
 l - a scarf of shadows
 J - a +0 troll leather armour (worn)
 P - the +2 cloak of the Thief {*Fog Slay-2 SInv Stlth+}
   (You found it in a Gauntlet)

   It may release a thick cloud of smoke when the wearer is hurt.
   Slay:      It affects your accuracy & damage with ranged weapons and melee
   (-2).
   SInv:      It lets you see invisible.
   Stlth:     It makes you more stealthy.
 R - +0 steam dragon scales
Jewellery
 e - a ring of see invisible (left claw)
 i - an amulet of the acrobat
 j - an amulet of regeneration
 s - a ring of poison resistance
 t - a ring of protection from cold (right claw)
 y - the amulet of Fragile Peace (around neck) {RegenMP *Slow rElec Str+7 Slay+6}
   (You bought it in a shop on level 2 of the Orcish Mines)

   [amulet of magic regeneration]

   It increases your rate of magic regeneration.
   Str:       It affects your strength (+7).
   Slay:      It affects your accuracy & damage with ranged weapons and melee
   (+6).
   rElec:     It insulates you from electricity.
   *Slow:     It may slow you when you take damage.
 A - a +4 ring of evasion
 O - a +6 ring of dexterity
 S - a ring of positive energy
 V - the ring of Efej {Fire rElec rPois Int-3}
   (You found it in a Gauntlet)

   [ring of fire]

   It enhances your fire magic.
   Int:       It affects your intelligence (-3).
   rF:        It protects you from fire.
   rC:        It makes you vulnerable to cold.
   rElec:     It insulates you from electricity.
   rPois:     It protects you from poison.
 W - a +6 ring of intelligence
Wands
 u - a wand of paralysis (2)
 x - a wand of polymorph (5)
 F - a wand of iceblast (32)
 H - a wand of flame (19)
 N - a wand of digging (10)
Scrolls
 d - 9 scrolls of enchant armour
 f - 13 scrolls of teleportation
 g - a scroll of silence
 n - 4 scrolls of immolation
 q - a scroll of vulnerability
 B - 2 scrolls of fear
 D - 4 scrolls of fog
 M - 2 scrolls of holy word
 U - a scroll of summoning
Potions
 c - 4 potions of flight
 h - a potion of resistance
 m - 6 potions of heal wounds
 o - 3 potions of invisibility
 p - 2 potions of cancellation
 r - 2 potions of lignification
 v - 10 potions of curing
 w - 3 potions of haste
 C - 6 potions of magic
 E - 2 potions of berserk rage {unknown}
 I - 2 potions of degeneration {unknown}
 K - a potion of ambrosia {unknown}
 Q - a potion of mutation {unknown}
 T - 2 potions of might {unknown}
Miscellaneous
 Y - a piece from Xom's chessboard (15/15)


   Skills:
 - Level 15.0 Fighting
 - Level 10.0 Crossbows
 + Level 9.5 Dodging
 - Level 15.0 Unarmed Combat


You had 14 spell levels left.
You didn't know any spells.
Your spell library was empty.

Dungeon Overview and Level Annotations

Branches:
Dungeon (13/15)            Temple (0/1) D:7            Lair (6/6) D:11
  Swamp (0/4) Lair:4       Spider (0/4) Lair:3        Slime (0/5) Lair:6
    Orc (2/2) D:9             Elf (0/3) Orc:2       Ossuary (visited)
 Bailey (visited)         Gauntlet (visited)
 Vaults: D:13-14

Altars:
Ashenzari
Cheibriados
Dithmenos
Elyvilon
Gozag
Hepliaklqana
Nemelex Xobeh
Okawaru
Qazlal
Ru
Uskayaw
Vehumet
Xom
Yredelemnul
Jiyva

Shops:
Orc:2 *:!=!

Annotations:
D:3 2 transporters
Lair:5 exclusion: 3 oklob plants


Innate Abilities, Weirdness & Mutations

You are too large for most types of armour.
You have claws for hands.
Your natural rate of healing is unusually fast.
You are covered in fur. (AC +1)
You have tough skin. (AC +1)


Message History

* * * LOW HITPOINT WARNING * * *
The centaur shoots an arrow.
The arrow hits you.
* * * LOW HITPOINT WARNING * * *
The skeletal warrior closely misses you.
Things that are here:
a +0 shortbow; 26 arrows; a centaur corpse You feel a strong urge to attack something.
The skeletal warrior hits you with a +0 scimitar!
* * * LOW HITPOINT WARNING * * *
The skeletal warrior misses you.
The skeletal warrior closely misses you.
You feel your anger nearly subside.
You are no longer berserk.
You are exhausted.
You feel as though you will be slow longer.
Found a kite shield.
The centaur warrior shoots an arrow.
The arrow hits you!
* * * LOW HITPOINT WARNING * * *
The acid dragon closely misses you. x2
There is a stone staircase leading up, spattered with blood here.
The skeletal warrior hits you with a +0 scimitar!
* * * LOW HITPOINT WARNING * * *
The acid dragon bites you but does no damage.
The acid dragon claws you but does no damage.
You climb upwards.
There is a stone staircase leading down here.
Unknown command.
Your skin crawls.
You feel strong-willed. The acid dragon closely misses you.
The acid dragon claws you but does no damage.
The skeletal warrior barely misses you.
The acid dragon bites you but does no damage.
The acid dragon barely misses you.
You scratch the acid dragon.
The acid dragon is lightly wounded.
The skeletal warrior hits you with a +0 scimitar!!
* * * LOW HITPOINT WARNING * * *
The acid dragon spits acid at you. The splash of acid hits you!
You die...

..# #............## ..##
#............# ######### ...####
###........#####....#... ..###.##
#..........###......... ..###..#
##.##....#.<#....#...#..
.......###..##...##.....#####.#..
#.......##.....#.#.....## ##.....
#.###.........##Dz....## #......
..##.........###@.....#####......
..###.......###.........#.....##.
.####.......###....##......#.....
###.#.....>.##.....####....##....
............#.....># #...........
...................# #.####......
...#...........##..###..##......†
......###................#.......
...#..###........................


You could see a skeletal warrior and an acid dragon (catching breath).

Vanquished Creatures
  Saint Roka (Orc:1)
  Rupert (Lair:3)
  Nessos (Orc:1)
  A blizzard demon (Gauntlet)
  Josephine (D:10)
  Erolcha (D:9)
  2 boulder beetles
  7 hydras
  3 catoblepae (Lair:6)
  5 centaur warriors (D:13)
  4 ogre magi (Orc:2)
  A death scarab (Gauntlet)
  10 death yaks
  14 two-headed ogres
  An orc high priest (Orc:2)
  Nergalle (Lair:2)
  A skeletal warrior (D:13)
  2 wizards (Gauntlet)
  2 bog bodies (Lair:4)
  3 ugly things
  An oklob plant (Lair:5)
  2 orc sorcerers
  2 manticores (Lair:6)
  2 cyclopes
  12 elephants
  5 black mambas
  7 cane toads
  2 rime drakes
  2 unseen horrors (D:12)
  7 kobold demonologists
  9 komodo dragons
  An ice devil (Gauntlet)
  7 trolls
  2 polar bears
  4 blink frogs (Lair:6)
  3 slime creatures (D:12)
  Prince Ribbit (D:5)
  A shadow (D:11)
  A spectral black mamba (Gauntlet)
  5 wraiths
  Eustachio (D:6)
  A tarantella (shapeshifter) (D:13)
  6 wyverns
  4 fire elementals
  A basilisk (Lair:4)
  66 yaks
  2 steam dragons
  Menkaure (D:4)
  A swamp worm (Lair:4)
  2 wargs (Orc:1)
  3 acid dragons
  Duvessa (D:6)
  A hell hound (Orc:1)
  16 water moccasins
  18 orc warriors
  A sky beast (D:8)
  2 ice beasts (D:8)
  3 necrophages
  3 black bears
  27 ogres
  4 centaurs
  3 kobold brigands (D:9)
  9 bullfrogs
  4 scorpions
  8 gnoll sergeants (Bailey)
  Dowan (D:6)
  4 killer bees (D:11)
  9 wights
  An electric eel (Lair:4)
  2 howler monkeys (D:7)
  A vampire bat (Orc:2)
  7 centaur zombies
  15 orc priests
  3 bullfrog skeletons
  4 hounds
  A jelly (D:7)
  Crazy Yiuf (D:3)
  9 gnoll shamans
  4 hell rats (Lair:6)
  2 iguanas (D:5)
  10 orc wizards
  2 scorpion zombies (D:5)
  A killer bee zombie (D:7)
  7 mummies
  Robin (D:3)
  A howler monkey skeleton (D:7)
  29 gnolls
  8 adders
  5 shadow imps
  6 white imps
  2 ufetubi
  2 worms
  2 dart slugs
  64 orcs
  10 ball pythons
  14 bats
  10 endoplasms
  10 giant cockroaches
  13 goblins
  10 hobgoblins
  4 jackals (D:2)
  4 quokkas
  4 frilled lizards
  4 hobgoblin zombies (Ossuary)
  17 kobolds
  2 orc zombies (D:7)
  5 rats
637 creatures vanquished.

Vanquished Creatures (collateral kills)
  Azrael (Orc:2)
  A minotaur (Gauntlet)
  A hydra (Lair:2)
  3 fire elementals (Orc:2)
6 creatures vanquished.

Vanquished Creatures (others)
  An orc wizard (D:13)
  A bush (Lair:6)
  19 fungi
  52 plants
73 creatures vanquished.

Grand Total: 716 creatures vanquished

Notes
Turn   | Place    | Note
-------+----------+-------------------------------------------
     0 | D:1      | arson the Troll Berserker began the quest for the Orb.
     0 | D:1      | Reached XP level 1. HP: 22/22 MP: 0/0
    80 | D:1      | Reached XP level 2. HP: 26/29 MP: 1/1
   684 | D:2      | Reached XP level 3. HP: 37/37 MP: 2/2
   739 | D:2      | Reached ** piety under Trog
   985 | D:2      | You fall into a shaft and drop 2 floors!
  1141 | D:4      | Noticed an ogre
  1143 | D:4      | Killed an ogre
  1144 | D:4      | Reached XP level 4. HP: 48/48 MP: 3/3
  1144 | D:4      | Reached XP level 5. HP: 54/54 MP: 4/4
  1759 | D:2      | Found a faded altar of an unknown god.
  1789 | D:3      | Found a transporter.
  1793 | D:3      | Found a shadowy altar of Dithmenos.
  1794 | D:3      | Found a transporter.
  1800 | D:3      | Found a shimmering altar of Xom.
  1890 | D:3      | Found a white marble altar of Elyvilon.
  1971 | D:3      | Found a runed translucent door.
  1972 | D:3      | Noticed Crazy Yiuf
  2032 | D:3      | Found a basalt altar of Yredelemnul.
  2069 | D:3      | Noticed Robin
  2234 | D:3      | Killed Robin
  2432 | D:3      | Reached XP level 6. HP: 50/65 MP: 5/5
  2619 | D:3      | Reached *** piety under Trog
  2628 | D:3      | Reached skill level 5 in Fighting
  2639 | D:3      | Found a hazy altar of Hepliaklqana.
  2813 | D:3      | Killed Crazy Yiuf
  3001 | D:4      | Reached skill level 5 in Unarmed Combat
  3014 | D:4      | Found a sacrificial altar of Ru.
  3315 | D:4      | Noticed Menkaure
  3325 | D:4      | Killed Menkaure
  3326 | D:4      | Reached XP level 7. HP: 74/74 MP: 6/6
  3749 | D:5      | Entered Level 5 of the Dungeon
  4075 | D:5      | Found a broken altar of Ashenzari.
  4079 | D:5      | Saw a vision of the Swamp and the Spider Nest.
  4079 | D:5      | Noticed an alligator
  4079 | D:5      | Noticed a wolf spider
  4079 | D:5      | Noticed a will-o-the-wisp
  4079 | D:5      | Noticed a wolf spider
  4079 | D:5      | Noticed a vampire mosquito
  4079 | D:5      | Noticed a vampire mosquito
  4079 | D:5      | Noticed a vampire mosquito
  4079 | D:5      | Noticed a vampire mosquito
  4081 | D:5      | Noticed a wolf spider
  4081 | D:5      | Noticed a wolf spider
  4211 | D:5      | Noticed Prince Ribbit
  4256 | D:5      | Killed Prince Ribbit
  4257 | D:5      | Reached XP level 8. HP: 84/84 MP: 7/7
  4598 | D:5      | Noticed a +0 spear
  4599 | D:5      | Noticed a +0 short sword
  4599 | D:5      | Noticed a +0 dagger
  4600 | D:5      | Noticed a +0 short sword
  4600 | D:5      | Noticed a +0 dagger
  4600 | D:5      | Noticed a +0 falchion
  4600 | D:5      | Noticed a +0 spear
  4600 | D:5      | Noticed a +0 falchion
  4606 | D:5      | Found a hide-covered altar of Uskayaw.
  4860 | D:6      | Noticed Dowan
  4871 | D:6      | Killed Dowan
  4872 | D:6      | Noticed Duvessa
  4982 | D:6      | Killed Duvessa
  5132 | D:6      | Noticed Eustachio
  5143 | D:6      | Killed Eustachio
  5439 | D:6      | Reached XP level 9. HP: 94/96 MP: 8/8
  5933 | D:7      | Found an opulent altar of Gozag.
  6016 | D:7      | Found a sand-covered staircase.
  6036 | Ossuary  | Entered an ossuary
  6057 | Ossuary  | Reached **** piety under Trog
  6561 | D:7      | Found a staircase to the Ecumenical Temple.
  6755 | D:7      | Identified the +9 hunting sling of Neun {venom, rC+ Str+5}
  6772 | D:8      | Found a radiant altar of Vehumet.
  6809 | D:8      | Noticed a two-headed ogre
  6820 | D:8      | Killed a two-headed ogre
  6909 | D:8      | Found a snail-covered altar of Cheibriados.
  6912 | D:8      | Found a sparkling altar of Nemelex Xobeh.
  7003 | D:8      | Reached skill level 10 in Unarmed Combat
  7225 | D:8      | Reached XP level 10. HP: 100/107 MP: 9/9
  7590 | D:9      | Noticed a rust devil
  7598 | D:9      | Reached skill level 10 in Fighting
  7649 | D:9      | Found a staircase to the Orcish Mines.
  7736 | D:9      | Found a stormy altar of Qazlal.
  8290 | D:9      | Noticed Erolcha
  8310 | D:9      | Killed Erolcha
  8311 | D:9      | Reached XP level 11. HP: 119/119 MP: 10/10
  8698 | D:10     | Entered Level 10 of the Dungeon
  8749 | D:10     | Reached ***** piety under Trog
  9037 | D:10     | Noticed Josephine
  9048 | D:10     | Killed Josephine
  9388 | D:11     | Found a staircase to the Lair.
  9609 | D:11     | Received a gift from Trog
 10019 | Lair:1   | Entered Level 1 of the Lair of Beasts
 10160 | Lair:1   | Noticed a five-headed hydra
 10167 | Lair:1   | Killed a seven-headed hydra
 10889 | Lair:2   | Noticed Nergalle
 10896 | Lair:2   | Killed Nergalle
 10897 | Lair:2   | Reached XP level 12. HP: 132/132 MP: 11/11
 11058 | Lair:2   | Noticed an eight-headed hydra
 11065 | Lair:2   | Killed an eight-headed hydra
 11906 | Lair:3   | Found a hole to the Spider Nest.
 11912 | Lair:3   | Noticed a boulder beetle
 12064 | Lair:3   | Killed a boulder beetle
 12338 | Lair:3   | Noticed Rupert
 12365 | Lair:3   | Paralysed by Rupert for 2 turns
 12370 | Lair:3   | Killed Rupert
 13621 | Lair:4   | Found a staircase to the Swamp.
 13865 | Lair:5   | Noticed a five-headed hydra
 13874 | Lair:5   | Killed a seven-headed hydra
 13985 | Lair:5   | Noticed a seven-headed hydra
 13993 | Lair:5   | Killed an eight-headed hydra
 14211 | Lair:5   | Noticed a seven-headed hydra
 14224 | Lair:5   | Killed a ten-headed hydra
 14225 | Lair:5   | Reached skill level 15 in Unarmed Combat
 14225 | Lair:5   | Reached XP level 13. HP: 124/144 MP: 12/12
 14229 | Lair:5   | Received a gift from Trog
 14868 | Lair:5   | Identified a scroll of acquirement
 14881 | Lair:5   | Acquired a manual of Crossbows
 14941 | Lair:6   | Entered Level 6 of the Lair of Beasts
 15769 | Lair:6   | Reached skill level 15 in Fighting
 15772 | Lair:6   | Reached skill level 1 in Crossbows
 16230 | Lair:6   | Found a viscous altar of Jiyva.
 16230 | Lair:6   | Found a staircase to the Slime Pits.
 16281 | Lair:6   | Reached skill level 5 in Crossbows
 16425 | Lair:6   | Reached XP level 14. HP: 159/159 MP: 13/13
 16644 | Lair:6   | Received a gift from Trog
 16919 | Orc:1    | Entered Level 1 of the Orcish Mines
 17314 | Orc:2    | Entered Level 2 of the Orcish Mines
 17314 | Orc:2    | Noticed Nessos
 17366 | Orc:2    | Noticed Saint Roka
 17617 | Orc:1    | Killed Saint Roka
 17736 | Orc:1    | HP: 6/159 [Nessos/arrow (21)]
 17736 | Orc:1    | HP: 2/159 [Nessos/arrow (4)]
 17808 | Orc:1    | Killed Nessos
 17867 | Orc:2    | Found Udebakir's Distillery.
 18048 | Orc:2    | Reached skill level 10 in Crossbows
 18170 | Orc:2    | Found a staircase to the Elven Halls.
 18209 | Orc:2    | Bought a potion of resistance for 150 gold pieces
 18427 | Orc:2    | Paralysed by an ogre mage for 5 turns
 18443 | Orc:2    | Reached skill level 5 in Dodging
 18690 | Orc:2    | Received a gift from Trog
 18900 | Orc:2    | Noticed Azrael
 18907 | Orc:2    | Killed Azrael
 18926 | Orc:2    | Found Quucen's Distillery.
 18926 | Orc:2    | Found Qienwuil's Jewellery Emporium.
 18927 | Orc:2    | Found Niumow's General Store.
 18927 | Orc:2    | Found Kod Roid's Book Boutique.
 18937 | Orc:2    | Bought the amulet of Fragile Peace {RegenMP *Slow rElec
                  | Str+7 Slay+6} for 1174 gold pieces
 18949 | Orc:2    | Bought a scroll of identify for 36 gold pieces
 19666 | D:12     | Reached XP level 15. HP: 162/165 MP: 14/14
 19719 | D:12     | Found a flagged portal.
 19733 | Bailey   | Entered a bailey
 20010 | Bailey   | Identified the +7 trident "Zaskez" {vorpal, rC+}
 20284 | D:12     | Reached ****** piety under Trog
 20632 | D:12     | Found a sparkling altar of Nemelex Xobeh.
 20727 | D:13     | Found a gate leading to a gauntlet.
 20734 | Gauntlet | Entered a Gauntlet
 20734 | Gauntlet | Found a transporter.
 20734 | Gauntlet | Found a transporter.
 20735 | Gauntlet | Found a transporter.
 20735 | Gauntlet | Found a transporter.
 20738 | Gauntlet | Found a transporter.
 20738 | Gauntlet | Found a transporter.
 20752 | Gauntlet | Found a transporter.
 20762 | Gauntlet | Found a transporter.
 20792 | Gauntlet | Found a transporter.
 20867 | Gauntlet | Found the +2 cloak of the Thief {*Fog Slay-2 SInv Stlth+}
 20870 | Gauntlet | Found a transporter.
 20870 | Gauntlet | Found a transporter.
 20881 | Gauntlet | Found a transporter.
 21202 | Gauntlet | Identified the ring of Efej {Fire rElec rPois Int-3}
 21377 | Gauntlet | Identified the +6 scale mail of the Hall of Blades {Int+5
                  | Slay+3}
 21397 | Gauntlet | Identified the +5 quarterstaff "Orb Guardian's Death"
                  | {venom, rPois Will- rCorr}
 21651 | D:13     | Found an iron altar of Okawaru.
 21816 | D:12     | HP: 8/167 [skeletal warrior[a skeletal warrior] (22)]
 21816 | D:12     | Killed from afar by an acid dragon

Illustrated notes

Levels and vault maps discovered:
D:1:      scummos_arrival_simple_fountains, layout_basic, chequers_mini_garden
D:2:      layout_basic, ebering_ecumenical_altar_hall, minmay_cut_off
D:3:      minmay_angry_zag, layout_loops_cross, marbit_many_paths,
          kennysheep_ying_yang, gammafunk_temple_overflow_arena,
          uniq_crazy_yiuf_cottage, uniq_robin
D:4:      layout_basic, nicolae_ru_great_annihilating_truth, uniq_menkaure
D:5:      layout_basic, nicolae_uskayaw_en_pointe, grunt_ashenzari_visionary
          [grunt_ashenzari_visionary_swamp, grunt_ashenzari_visionary_spider],
          kennysheep_generic_room_15, uniq_prince_ribbit1
D:6:      layout_loops_ring, uniq_eustachio, uniq_duvessa
D:7:      layout_rooms, grunt_gozag_breadcrumbs, minmay_temple_entry_mini_moons,
          nicolae_ossuary_entry_giza, kennysheep_small_square
D:8:      layout_rooms, chequers_temple_overflow_statue_of_worship,
          vehumet_altar_wand_db, nicolae_two_hexagons, nicolae_zen_rock_garden
D:9:      layout_irregular_city, nicolae_qazlal_scattered_showers, orc_0_dummy,
          kennysheep_generic_room_9, uniq_erolcha
D:10:     layout_roguey, uniq_josephine
D:11:     layout_basic, david_lair_generic
D:12:     layout_cave_pools, enter_bailey_2, nemelex_diamond_rough_becter
D:13:     layout_cave_pools, gauntlet_entry_generic, okawaru_ov_weapons_minmay
Lair:1:   layout_regular_city, cheibrodos_lair_caveside_slide,
          grunt_megastairs_3, serial_bayou_shore_b
Lair:2:   layout_cave_pods, grunt_megastairs_4, uniq_nergalle
Lair:3:   layout_roguey, nicolae_spider_entry_non_spiders, grunt_megastairs_1,
          uniq_rupert
Lair:4:   layout_layer_cave, nicolae_swamp_entry_splash_gauntlet
Lair:5:   layout_regular_city, dpeg_oklob_1, infiniplex_staircase_pool_2
Lair:6:   evilmike_catoblepas_cave, layout_regular_city,
          dpeg_slime_entry_enclosed_altar
Orc:1:    layout_caves
Orc:2:    st_orc_ogre_mass, layout_diamond_mine, serial_shops,
          nicolae_shop_behind_doors, roderic_batcave, uniq_saint_roka,
          uniq_nessos, uniq_azrael

Skill      XL: |  1  2  3  4  5  6  7  8  9 10 11 12 13 14 15 |
---------------+----------------------------------------------+-----
Fighting       | 3 4 5 6 8 9 10 12 13 15 | 15.0
Unarmed Combat | 4 5 6 8 10 11 13 15 | 15.0
Crossbows      | 6 10 | 10.0
Dodging        | 7 9 |  9.5

Action                   |  1- 3 |  4- 6 |  7- 9 | 10-12 | 13-15 || total
-------------------------+-------+-------+-------+-------+-------++-------
Melee: Unarmed           |    99 |   180 |   234 |   478 |   784 ||  1775
       Punch             |     1 |     5 |     8 |    37 |    87 ||   138
Throw: Throwing net      |       |       |     4 |     1 |     5 ||    10
Invok: Berserk           |     1 |     5 |    10 |    12 |    22 ||    50
       Trog's Hand       |       |     4 |     3 |     2 |    15 ||    24
       Brothers in Arms  |       |       |       |     1 |     2 ||     3
Evoke: Wand              |       |       |       |     5 |     7 ||    12
  Use: Scroll            |       |       |     8 |     2 |    26 ||    36
       Potion            |       |       |       |     1 |       ||     1
 Stab: Sleeping          |     2 |     1 |       |       |       ||     3
       Paralysed         |       |     1 |       |       |     2 ||     3
       Held in net/web   |       |       |       |       |     3 ||     3
       Petrified         |       |       |       |       |     3 ||     3
Armor: Animal skin       |    32 |    60 |    87 |    90 |       ||   269
       Steam dragon scal |       |       |       |    43 |    89 ||   132
       Troll leather arm |       |       |       |       |   215 ||   215
Dodge: Dodged            |    48 |    96 |    93 |   205 |   466 ||   908

Table legend: (Time is in decaauts)
 A = Elapsed time spent in this place.
 B = Non-inter-level travel time spent in this place.
 C = Inter-level travel time spent in this place.
 D = Time resting spent in this place.
 E = Time spent auto-exploring this place.
 F = Levels seen in this place.
 G = Mean time per level.
                   A        B        C        D        E       F      G
               +--------+--------+--------+--------+--------+-----+--------+
         Total |  21964 |  20826 |   1138 |   3828 |  11782 |  24 |  915.2 |
       Dungeon |  11490 |  10820 |    670 |   1968 |   6679 |  13 |  883.8 |
          Lair |   6989 |   6591 |    398 |    890 |   4217 |   6 | 1164.8 |
  Orcish Mines |   2006 |   1937 |     69 |    574 |    519 |   2 | 1003.0 |
       Ossuary |    348 |    348 |      0 |    182 |      0 |   1 |  348.0 |
        Bailey |    440 |    440 |      0 |      7 |    213 |   1 |  440.0 |
      Gauntlet |    689 |    689 |      0 |    205 |    154 |   1 |  689.0 |
               +--------+--------+--------+--------+--------+-----+--------+

Top non-repeatable levels by time:
  Lair:6: 1608 daAuts
     D:9: 1583 daAuts
  Lair:5: 1325 daAuts
  Lair:4: 1305 daAuts
     D:4: 1282 daAuts
     D:5: 1201 daAuts
     D:3: 1056 daAuts
  Lair:2: 1028 daAuts
   Orc:2: 1016 daAuts
   Orc:1: 989 daAuts
  Lair:1: 909 daAuts
     D:6: 889 daAuts
    D:10: 839 daAuts
  Lair:3: 810 daAuts
     D:2: 807 daAuts
